 Dungeon Crawl Stone Soup version 0.31-a0-986-g5e6e4ef867 (webtiles) character file.

Game seed: 7350748351519059595

32 voltaire321 the Stinger (level 3, 0/24 HPs)
             Began as a Merfolk Venom Mage on Nov 5, 2023.
             Killed from afar by Natasha (10 damage)
             ... with a magic dart
             ... on level 2 of the Dungeon.
             The game lasted 00:02:49 (1055 turns).

voltaire321 the Stinger (Merfolk Venom Mage)        Turns: 1055, Time: 00:02:50

Health: 0/24       AC:  2    Str: 10    XL:     3   Next: 25%
Magic:  3/6        EV: 13    Int: 14    God:
Gold:   36         SH:  0    Dex: 14    Spells: 5/6 levels left

rFire   . . .        k - +2 dagger (vamp)
rCold   . . .        (no shield)
rNeg    . . .        a - +0 robe
rPois   .            (no helmet)
rElec   .            (no cloak)
rCorr   .            (no gloves)
SInv    .            (no boots)
Will    .....        (no amulet)
Stlth   ++           (no ring)
HPRegen 0.24/turn    (no ring)
MPRegen 0.10/turn

%: no passive effects
@: no status effects
A: (nimble swimmer 2), mertail
a: no special abilities


You were on level 2 of the Dungeon.
You visited 1 branch of the dungeon, and saw 2 of its levels.

You collected 36 gold pieces.

Inventory:

Hand Weapons
 k - a +2 vampiric dagger (weapon)
Armour
 a - a +0 robe (worn)
Jewellery
 h - a ring of fire
Scrolls
 f - a scroll of amnesia {unknown}
 g - 2 scrolls of identify {unknown}
 i - a scroll of fear {unknown}
 j - a scroll of fog {unknown}
Potions
 b - a potion of magic
 c - 2 potions of curing {unknown}
 d - a potion of cancellation {unknown}


   Skills:
 + Level 0.0 Fighting
 + Level 0.0 Armour
 + Level 3.2 Dodging
 - Level 2.6 Stealth
 + Level 2.2 Spellcasting
 + Level 2.2 Transmutations
 + Level 3.6 Poison Magic


You had 5 spell levels left.
You knew the following spells:

 Your Spells              Type           Power      Damage    Failure   Level
a - Sting                 Tmut/Pois      36%        1d4       7%          1

Your spell library contained the following spells:

 Spells                   Type           Power      Damage    Failure   Level
 Poisonous Vapours        Pois/Air       12%        N/A       17%         2
 Mephitic Cloud           Conj/Pois/Air  4%         N/A       38%         3
 Olgreb's Toxic Radiance  Pois           11%        N/A       45%         4


Dungeon Overview and Level Annotations

Branches:
Dungeon (2/15)

Altars:

Annotations:
D:2 Natasha


Innate Abilities, Weirdness & Mutations

((You are very nimble when in or above water. (Stealth+, EV+, Speed+++)))
Your lower body shifts to a powerful aquatic tail in water.


Message History

You see here a gold piece.
Natasha casts a spell at you. The magic dart hits you.
You see here a frilled lizard corpse.
There is an open door here.
Things that are here:
a +0 whip; a goblin corpse
Aiming: Sting (safe; 7% risk of failure)
Press: ? - help, Q - select action Shift-Dir - straight line, f - Natasha
Aim: Natasha (60% to hit)
The sting misses Natasha.
Natasha attacks as she pursues you! Natasha barely misses you. x2
Aiming: Sting (safe; 7% risk of failure)
Press: ? - help, Q - select action Shift-Dir - straight line, f/p - Natasha
Aim: Natasha (60% to hit)
The sting misses Natasha.
The sting hits the rat.
The rat is poisoned.
You kill the rat!
Natasha claws you.
Aiming: Sting (safe; 7% risk of failure)
Press: ? - help, Q - select action Shift-Dir - straight line, f/p - Natasha
Aim: Natasha (60% to hit)
The sting hits Natasha but does no damage.
Natasha is poisoned.
Natasha claws you!
* * * LOW HITPOINT WARNING * * *
You hit Natasha.
You feel better.
Natasha is moderately wounded.
Natasha claws you.
You hit Natasha.
Natasha is heavily wounded.
Natasha misses you.
You closely miss Natasha.
Natasha is heavily wounded.
Natasha barely misses you.
You hit Natasha.
Natasha is severely wounded.
Natasha casts a spell at you. The magic dart hits you!
You die...
Natasha begins licking her fur clean.

#.#
########'#####
#............#
#............#
#............#
#............#
########'#####
#.# #@# #h#
..########'###
.........††..#
...(.........#
###...........#
..............#
#............#
#............#


You could see Natasha (poisoned).

Vanquished Creatures
  A dart slug (D:1)
  A ball python (D:1)
  3 endoplasms (D:1)
  4 giant cockroaches
  3 goblins
  A hobgoblin (D:1)
  3 jackals (D:1)
  2 quokkas
  3 frilled lizards
  A kobold (D:1)
  4 rats
26 creatures vanquished.

Notes
Turn   | Place    | Note
-------+----------+-------------------------------------------
     0 | D:1      | voltaire321 the Merfolk Venom Mage began the quest for the
                  | Orb.
     0 | D:1      | Reached XP level 1. HP: 13/13 MP: 3/3
   218 | D:1      | Reached XP level 2. HP: 16/19 MP: 3/5
   482 | D:1      | Found a faded altar of an unknown god.
   614 | D:1      | Reached XP level 3. HP: 24/24 MP: 3/6
  1037 | D:2      | Noticed Natasha
  1055 | D:2      | Killed from afar by Natasha

Illustrated notes

Levels and vault maps discovered:
D:1:      amcnicky_arrival_choice, layout_loops_cross,
          dreamdust_ecumenical_altar_statues
D:2:      layout_basic, dk_noncrumbling_3, minmay_split_cup_large, uniq_natasha

Skill      XL: |  1  2 |
---------------+-------+-----
Dodging        | 3 |  3.2
Transmutations | 2 |  2.2
Stealth        | |  2.6
Spellcasting   | |  2.2
Poison Magic   | |  3.6

Action                     || total
---------------------------++-------
  Melee: Whip              ||    17
         Unarmed           ||     2
         Dagger            ||     4
   Cast: Sting             ||    41
 Armour: Robe              ||    17
  Dodge: Dodged            ||    16

Table legend: (Time is in decaauts)
 A = Elapsed time spent in this place.
 B = Non-inter-level travel time spent in this place.
 C = Inter-level travel time spent in this place.
 D = Time resting spent in this place.
 E = Time spent auto-exploring this place.
 F = Levels seen in this place.
 G = Mean time per level.
                   A        B        C        D        E       F      G
               +--------+--------+--------+--------+--------+-----+--------+
         Total |   1055 |   1033 |     22 |     74 |    766 |   2 |  527.5 |
       Dungeon |   1055 |   1033 |     22 |     74 |    766 |   2 |  527.5 |
               +--------+--------+--------+--------+--------+-----+--------+

Top non-repeatable levels by time:
     D:1: 885 daAuts
     D:2: 170 daAuts
